Map: Vallée des cactus EC

Players

AgCl - Winner!

  • Race: Protoss Protoss
  • League: Grandmaster

trGKakarot

  • Race: Terran Terran
  • League: Grandmaster

VOD

Have the link to the VOD?

Description

Time

  • Played on: June 9, 2015, 10:28 p.m.
  • Length: 4:14
Show
View Real Time Build Order
Export as new Build Order

AgCl Protoss - Winner!

Build Orders: Oracle Opening, Oracle Opening 

Get SALT Encoding   

  12  0:17  Pylon  
  12  0:38  Gateway  
  12  0:39  Probe  
  13  0:45  Assimilator  
  13  0:51  Probe  
  14  1:03  Probe  
  15  1:09  Pylon  
  15  1:16  Probe (Chrono Boost)  
  16  1:25  Probe (Chrono Boost)  
  17  1:29  Zealot (Chrono Boost)  
  19  1:33  Probe  
  20  1:45  Probe  
  21  1:53  Cybernetics Core  
  21  1:57  Probe (Chrono Boost), Assimilator  
  23  2:09  Probe (Chrono Boost)  
  24  2:16  Probe (Chrono Boost)  
  24  2:26  Probe  
  25  2:31  Stargate  
  25  2:33  Adept  
  25  2:38  Probe (Chrono Boost)  
  25  2:43  Pylon  
  25  2:50  Probe (Chrono Boost)  
  26  2:58  Probe (Chrono Boost)  
  27  3:09  Nexus  
  27  3:18  Oracle (Chrono Boost)  
  30  3:47  Fleet Beacon  
  30  3:51  Probe  
  29  3:57  Assimilator  
  29  3:59  Pylon  
Show
View Real Time Build Order
Export as new Build Order

trGKakarot Terran 

Build Orders:  

Get SALT Encoding   

  12  0:01  SCV  
  13  0:13  SCV  
  14  0:18  Supply Depot  
  14  0:25  SCV  
  14  0:28  Refinery  
  15  0:40  SCV  
  16  0:46  Barracks  
  16  0:52  SCV  
  17  1:04  SCV  
  18  1:16  SCV  
  19  1:27  Command Center  
  19  1:30  SCV  
  20  1:34  Reaper  
  21  1:44  Orbital Command  
  21  1:58  Bunker  
  21  2:00  Supply Depot  
  21  2:06  Barracks Reactor  
  21  2:11  SCV  
  22  2:16  Barracks  
  21  2:38  SCV  
  21  2:40  Orbital Command  
  22  2:47  Marine  
  22  2:48  Marine  
  24  2:53  Barracks  
  24  2:54  Barracks  
  24  3:01  SCV  
  25  3:07  Marine x2  
  25  3:12  Marine  
  28  3:16  SCV x2  
  30  3:28  SCV x2  
  32  3:34  Command Center  
  32  3:46  SCV x2  
  31  3:58  SCV x2  
  31  4:02  Supply Depot  
  38  4:05  Factory  
  38  4:07  Refinery  
Tags
 
Add a new tag
Caveats
  • Supply blocks, unpowered buildings, or Contaminate may cause inaccurate times.
  • Supply counts are checked every 10 seconds.